 Dungeon Crawl Stone Soup version 0.28.0-45-g0d030f2227 (webtiles) character file.

Game seed: 6522598637768571272

163 Saba the Shooter (level 5, -3/32 HPs)
             Began as a Gargoyle Hunter on Apr 8, 2022.
             Slain by an ogre
             ... wielding a +0 giant club
              (12 damage)
             ... on level 3 of the Dungeon.
             The game lasted 00:03:39 (3327 turns).

Saba the Shooter (Gargoyle Hunter)                  Turns: 3327, Time: 00:03:40

Health: -3/32      AC: 10    Str: 18    XL:     5   Next: 44%
Magic:  5/5        EV: 11    Int: 11    God:
Gold:   105        SH:  0    Dex: 10    Spells: 4/4 levels left

rFire   . . .      SeeInvis .   n - +2 dagger (venom)
rCold   . . .      Faith    .   (no shield)
rNeg    + . .      Spirit   .   e - +0 ring mail
rPois   ∞          Reflect  .   (no helmet)
rElec   +          Harm     .   (no cloak)
rCorr   .          Rampage  .   (no gloves)
Will    .....                   q - +0 pair of boots
Stlth   +.........              (no amulet)
HPRegen 0.10/turn               (no ring)
MPRegen 0.09/turn               (no ring)

@: no status effects
A: sickness immunity, AC +4, negative energy resistance 1, electricity
resistance, torment resistance 1, petrification resistance
a: no special abilities


You were on level 3 of the Dungeon.
You visited 1 branch of the dungeon, and saw 3 of its levels.

You collected 105 gold pieces.

Inventory:

Hand Weapons
 a - a +1 shortbow
 n - a +2 dagger of venom (weapon)
Missiles
 d - 44 arrows
Armour
 e - a +0 ring mail (worn)
 q - a +0 pair of boots (worn)
Scrolls
 b - a scroll of noise {unknown}
 g - 4 scrolls of identify {unknown}
 k - a scroll of enchant armour {unknown}
 l - a scroll of fear {unknown}
 m - a scroll of torment {unknown}
Potions
 c - 2 potions of invisibility {unknown}
 f - 2 potions of heal wounds {unknown}
 h - 3 potions of flight {unknown}
 i - a potion of might {unknown}
 j - a potion of berserk rage {unknown}
 o - a potion of resistance {unknown}
 p - a potion of degeneration {unknown}


   Skills:
 + Level 3.5 Fighting
 + Level 4.7 Bows
 + Level 2.4 Armour
 + Level 2.6 Dodging
 - Level 1.1 Stealth


You had 4 spell levels left.
You didn't know any spells.
Your spell library was empty.

Dungeon Overview and Level Annotations

Branches:
Dungeon (3/15)

Altars:


Innate Abilities, Weirdness & Mutations

You are immune to sickness and miasma.
Your stone body is resilient. (AC +4)
You are immune to poison.
You resist negative energy. (rN+)
You are resistant to electric shocks. (rElec)
You are resistant to unholy torment.
You are immune to petrification.


Message History

You hit the orc wizard but do no damage.
The orc wizard is poisoned.
The orc closely misses you. The orc wizard closely misses you.
You closely miss the orc wizard. The orc hits you with a +0 mace.
The orc misses you.
The orc wizard hits you but does no damage.
You hit the orc wizard.
The orc wizard looks even sicker.
The orc wizard is moderately wounded.
The orc misses you.
The orc hits you from afar with a +0 trident.
The orc wizard hits you but does no damage.
You hit the orc wizard but do no damage.
The orc wizard is moderately wounded.
The orc hits you with a +0 mace.
The orc hits you from afar with a +0 trident.
The orc wizard gestures at you while chanting.
The puff of flame hits you but does no damage.
The orc wizard gestures wildly while chanting.
The orc wizard flickers and vanishes!
Deactivating autopickup; reactivate with Ctrl-A.
You hit the orc but do no damage.
The orc is poisoned.
Reactivating autopickup.
You feel a bit more experienced. The orc barely misses you.
You hit the orc but do no damage.
The orc looks even sicker.
The orc hits you with a +0 mace.
You hit the orc but do no damage.
The orc looks as sick as possible!
The orc hits you with a +0 mace. The orc misses you.
You hit the orc but do no damage.
The orc looks as sick as possible!
The orc is heavily wounded.
The orc hits you but does no damage.
The orc hits you from afar with a +0 trident.
* * * LOW HITPOINT WARNING * * *
You barely miss the orc.
The orc is severely wounded.
You kill the orc!
The orc hits you but does no damage.
An ogre comes into view. It is wielding a +0 giant club.
You see here a +0 ring mail.
The ogre hits you with a +0 giant club!
You die...

># ###.#........ ###.### ..
.........)# #.### ## #.#
#.# #.... #.###.#### ##....
#.##.....# #...<.
#.###.##.#########..#.# #.#
####...........^...
#####.#####O..#.##.########
#######.......o[@....).>.#
........#########.....####
######### #######


You could see an ogre and an orc.

Vanquished Creatures
  An iguana (D:3)
  An orc wizard (D:3)
  3 adders
  3 gnolls (D:2)
  A worm (D:3)
  2 orcs
  3 ball pythons
  5 endoplasms
  2 giant cockroaches
  8 goblins
  2 hobgoblins
  4 jackals (D:1)
  4 kobolds
  2 quokkas (D:2)
  3 bats
  2 frilled lizards
  6 rats
52 creatures vanquished.

Notes
Turn   | Place    | Note
-------+----------+-------------------------------------------
     0 | D:1      | Saba the Gargoyle Hunter began the quest for the Orb.
     0 | D:1      | Reached XP level 1. HP: 12/12 MP: 1/1
   303 | D:1      | Reached XP level 2. HP: 15/18 MP: 2/2
   827 | D:1      | Reached skill level 1 in Armour
  1193 | D:2      | Reached XP level 3. HP: 22/22 MP: 3/3
  1936 | D:3      | Reached XP level 4. HP: 7/28 MP: 4/4
  2871 | D:2      | Reached XP level 5. HP: 27/32 MP: 5/5
  3325 | D:3      | Noticed an ogre
  3327 | D:3      | Slain by an ogre

Illustrated notes

Levels and vault maps discovered:
D:1:      erik_arrival_blinker_ship, layout_basic
D:2:      layout_loops_cross
D:3:      layout_loops_ring

Skill      XL: |  1  2  3  4 |
---------------+-------------+-----
Armour         | 1 2 |  2.4
Dodging        | 2 |  2.6
Fighting       | 3 |  3.5
Bows           | |  4.7
Stealth        | |  1.1

Action                   |  1- 3 |  4- 6 || total
-------------------------+-------+-------++-------
Melee: Short sword       |   129 |       ||   129
       Punch             |     1 |     1 ||     2
       Dagger            |    19 |    61 ||    80
Armor: Ring mail         |    78 |    26 ||   104
       Leather armour    |     2 |       ||     2
Dodge: Dodged            |    87 |    42 ||   129
